 Dungeon Crawl Stone Soup version 0.28-a0-881-gae16bb6c82 (webtiles) character file.

Game seed: 13563851182974270219

88 AvatarAndi78 the Chopper (level 4, -12/41 HPs)
             Began as a Minotaur Berserker on Nov 21, 2021.
             Was a Follower of Trog.
             Mangled by Sigmund (14 damage)
             ... on level 3 of the Dungeon.
             The game lasted 00:03:25 (2545 turns).

AvatarAndi78 the Chopper (Minotaur Berserker)       Turns: 2545, Time: 00:03:26

Health: -12/41     AC:  4    Str: 21    XL:     4   Next: 30%
Magic:  3/3        EV: 12    Int:  4    God:    Trog [*.....]
Gold:   65         SH:  0    Dex: 11    Spells: 3/3 levels left

rFire   . . .      SeeInvis .   k - +2 quarterstaff (chaos)
rCold   . . .      Faith    .   (shield currently unavailable)
rNeg    . . .      Spirit   .   d - +0 leather armour
rPois   .          Reflect  .   (helmet restricted)
rElec   .          Harm     .   l - +0 cloak
rCorr   .          Rampage  .   (no gloves)
Will    .....                   (no boots)
Stlth   +.........              (no amulet)
HPRegen 0.13/turn               (no ring)
MPRegen 0.08/turn               (no ring)

@: no status effects
A: horns 2, retaliatory headbutt
a: Renounce Religion, Berserk


You were on level 3 of the Dungeon.
You worshipped Trog.
Trog was aware of your devotion.
You visited 1 branch of the dungeon, and saw 3 of its levels.

You collected 65 gold pieces.

Inventory:

Hand Weapons
 a - a +0 hand axe
 i - a +2 mace of draining
 k - a +2 quarterstaff of chaos (weapon)
Armour
 d - a +0 leather armour (worn)
 l - a +0 cloak (worn)
Scrolls
 g - a scroll of holy word {unknown}
 j - a scroll of acquirement {unknown}
 m - a scroll of enchant armour {unknown}
Potions
 b - a potion of cancellation {unknown}
 c - 2 potions of ambrosia {unknown}
 e - 2 potions of berserk rage {unknown}
 f - 2 potions of might {unknown}
 h - 2 potions of mutation {unknown}
 n - a potion of heal wounds {unknown}


   Skills:
 + Level 4.6 Fighting
 + Level 4.6 Axes
 + Level 0.2(2.8) Maces & Flails
 + Level 3.1 Armour
 + Level 2.7 Dodging
 + Level 0.2 Stealth


You had 3 spell levels left.
You didn't know any spells.
Your spell library was empty.

Dungeon Overview and Level Annotations

Branches:
Dungeon (3/15)

Altars:

Annotations:
D:3 Sigmund


Innate Abilities, Weirdness & Mutations

You have a pair of horns on your head.
You reflexively headbutt those who attack you in melee.


Message History

You open the door.
There is an open door here.
Found 9 poisoned darts.
You see here 9 poisoned darts.
You open the door.
There is an open door here.
n - a metallic pink potion
There is an open door here.
Found an escape hatch in the ceiling.
You open the door.
There is an open door here.
Sigmund the Dreaded comes into view.
He is wielding a +0 scythe.
Found a cloak.
Sigmund shouts!
Sigmund moves out of view.
No target in view!
No target in view!
No target in view!
Sigmund gestures at you while chanting. You resist with some effort.
Sigmund barely misses you.
Okay, then.
You hit Sigmund but do no damage.
Sigmund seems to grow stronger.
Sigmund smiles chillingly.
Sigmund barely misses you.
You hit Sigmund but do no damage. You headbutt Sigmund, but do no damage.
Sigmund mumbles some strange words.
Sigmund flickers and vanishes!
Deactivating autopickup; reactivate with Ctrl-A.
Something hits you! Something completely misses you.
You sock something! You headbutt something. Something hits you!
You closely miss something. Something hits you!
* * * LOW HITPOINT WARNING * * *
You sock something! You headbutt something. You closely miss something.
Something hits you.
* * * LOW HITPOINT WARNING * * *
You closely miss something. You hit something. Something hits you!
You die...

#.#.# ########.#
#.#.# ......[..#
#...# .........#
#.#.# .........#
#.#.# .........#
#.#.# .........#
#.#.# ########.#
#.'.# #{# ..### #@#
..# #.# ..##### #.#
......# ########'##
......###..^...<..#
##......+.........#
##.....##.........##
##.....##..........#
##.....##..........#


There were no monsters in sight!

Vanquished Creatures
  Crazy Yiuf (D:2)
  A hound skeleton (D:2)
  2 worms (D:2)
  A dart slug (D:3)
  4 endoplasms
  A giant cockroach (D:1)
  6 goblins
  5 hobgoblins
  A quokka (D:1)
  7 ball pythons
  2 frilled lizards
  5 kobolds
  5 rats
41 creatures vanquished.

Vanquished Creatures (others)
  4 plants (D:2)
  4 withered plants (D:2)
8 creatures vanquished.

Grand Total: 49 creatures vanquished

Notes
Turn   | Place    | Note
-------+----------+-------------------------------------------
     0 | D:1      | AvatarAndi78 the Minotaur Berserker began the quest for the
                  | Orb.
     0 | D:1      | Reached XP level 1. HP: 19/19 MP: 0/0
   363 | D:1      | Reached XP level 2. HP: 25/27 MP: 1/1
  1277 | D:2      | Reached XP level 3. HP: 24/33 MP: 2/2
  1749 | D:2      | Found a runed translucent door.
  1754 | D:2      | Noticed Crazy Yiuf
  1860 | D:2      | Found a faded altar of an unknown god.
  1938 | D:2      | Reached ** piety under Trog
  2064 | D:2      | Killed Crazy Yiuf
  2065 | D:2      | Reached XP level 4. HP: 35/41 MP: 3/3
  2529 | D:3      | Noticed Sigmund
  2543 | D:3      | HP: 1/41 [something (4)]
  2545 | D:3      | Mangled by Sigmund

Illustrated notes

Levels and vault maps discovered:
D:1:      lightli_arrival_quake, layout_loops_cross, minmay_misc_feat_tiny
D:2:      layout_loops_ring, shapermc_ecumenical_altar_flowoftime,
          uniq_crazy_yiuf_cottage
D:3:      minmay_door_path, layout_basic, lemuel_round_altar,
          minmay_misc_feat_more_columns, uniq_sigmund

Skill      XL: |  1  2  3 |
---------------+----------+-----
Fighting       | 4 |  4.6
Axes           | 4 |  4.6
Armour         | 3 |  3.1
Maces & Flails | |  0.2
Dodging        | |  2.7
Stealth        | |  0.2

Action                   |  1- 3 |  4- 6 || total
-------------------------+-------+-------++-------
Melee: Hand axe          |    64 |       ||    64
       Headbutt          |    16 |     5 ||    21
       Mace              |     4 |       ||     4
       Quarterstaff      |       |    16 ||    16
Invok: Berserk           |     1 |       ||     1
       Trog's Hand       |     1 |       ||     1
 Stab: Sleeping          |       |     1 ||     1
Armor: Leather armour    |    10 |     2 ||    12
Dodge: Dodged            |    29 |     5 ||    34

Table legend: (Time is in decaauts)
 A = Elapsed time spent in this place.
 B = Non-inter-level travel time spent in this place.
 C = Inter-level travel time spent in this place.
 D = Time resting spent in this place.
 E = Time spent auto-exploring this place.
 F = Levels seen in this place.
 G = Mean time per level.
                   A        B        C        D        E       F      G
               +--------+--------+--------+--------+--------+-----+--------+
         Total |   2565 |   2419 |    146 |      0 |   2117 |   3 |  855.0 |
       Dungeon |   2565 |   2419 |    146 |      0 |   2117 |   3 |  855.0 |
               +--------+--------+--------+--------+--------+-----+--------+

Top non-repeatable levels by time:
     D:2: 1324 daAuts
     D:1: 944 daAuts
     D:3: 297 daAuts
